 Dungeon Crawl Stone Soup version 0.18-a0-329-g5b4d444 (webtiles) character file.

1710 Proton the Shield-Bearer (level 9, -3/71 HPs)
             Began as a Formicid Fighter on Nov 28, 2015.
             Was an Initiate of Ru.
             Shot with an arrow by a centaur (8 damage)
             ... on level 8 of the Dungeon.
             The game lasted 00:11:54 (7669 turns).

Proton the Shield-Bearer (Formicid Fighter)         Turns: 7669, Time: 00:11:54

Health: -3/71      AC: 16    Str: 26    XL:     9   Next: 24%
Magic:  0/9        EV:  8    Int:  8    God:    Ru [......]
Gold:   244        SH: 11    Dex: 12    Spells: 0 memorised, 8 levels left

rFire  + . .     SeeInvis +     a - +0 war axe
rCold  + . .     Clarity  .     z - +0 plate armour
rNeg   . . .     SustAt   +     c - +0 shield
rPois  .         Gourm    .     (helmet unavailable)
rElec  +         Spirit   +     n - +0 cloak
rCorr  .         Warding  .     A - +0 pair of gloves
rMut   .         Stasis   +     m - +0 pair of boots
MR     .....                    f - amulet of Vuovvan {Spirit rElec Str+2 Dex+4}
Stlth  ..........               l - ring of sustain attributes
                                p - ring of protection from cold

@: not resistant to hostile enchantments, extremely unstealthy
A: permanent stasis, dig shafts and tunnels, four strong arms, antennae 3,
clumsy 1, fire resistance 1
a: Dig, Shaft Self, Renounce Religion


You were on level 8 of the Dungeon.
You worshipped Ru.
Ru was noncommittal.
You were not hungry.

You visited 2 branches of the dungeon, and saw 9 of its levels.

You collected 244 gold pieces.

Inventory:

Hand Weapons
 a - a +0 war axe (weapon)
Missiles
 b - 14 javelins (quivered)
Armour
 c - a +0 shield (worn)
 m - a +0 pair of boots (worn)
 n - a +0 cloak (worn)
 z - a +0 plate armour (worn)
 A - a +0 pair of gloves (worn)
Jewellery
 f - the amulet of Vuovvan (around neck) {Spirit rElec Str+2 Dex+4}
   (You found it on level 6 of the Dungeon)

   [amulet of guardian spirit]

   It causes incoming damage to be split between your health and magic.
   It affects your strength (+2).
   It affects your dexterity (+4).
   It insulates you from electricity.
 l - a ring of sustain attributes (right hand)
 p - a ring of protection from cold (left hand)
Wands
 B - a wand of lightning (4)
Scrolls
 h - a scroll of magic mapping {unknown}
 i - 2 scrolls of recharging {unknown}
 k - a scroll of random uselessness {unknown}
 q - 3 scrolls of immolation
 r - a scroll of teleportation {unknown}
 s - a scroll of noise {unknown}
 t - a scroll of blinking {unknown}
 u - a scroll of enchant armour {unknown}
Potions
 d - 2 potions of might
 e - 3 potions of brilliance {unknown}
 g - 2 potions of heal wounds {unknown}
 j - 3 potions of cure mutation {unknown}
 v - a potion of flight
 x - a potion of resistance
 C - 2 potions of haste {unknown}
Books
 y - a book of Debilitation

   Spells                             Type                      Level
   a - Corona                         Hexes                        1
   b - Slow                           Hexes                        2
   c - Gell's Gravitas                Hexes/Translocation          3
   d - Inner Flame                    Hexes/Fire                   3
   e - Cause Fear                     Hexes                        4
   f - Leda's Liquefaction            Hexes/Earth                  4
Comestibles
 w - 2 meat rations


   Skills:
 + Level 6.4 Fighting
 + Level 5.3 Axes
 + Level 6.4 Armour
 + Level 4.4 Dodging
 + Level 6.8 Shields


You had 8 spell levels left.
You didn't know any spells.

Dungeon Overview and Level Annotations

Branches:
Dungeon (8/15)             Temple (1/1) D:7
   Lair: D:8-11

Altars:
Ashenzari
Cheibriados
Dithmenos
Elyvilon
Fedhas
Gozag
Kikubaaqudgha
Makhleb
Nemelex Xobeh
Okawaru
Qazlal
Ru
Sif Muna
Trog
Vehumet
Xom
Yredelemnul
Zin
The Shining One

Annotations:
D:7 exclusion: ice statue
D:8 Erica


Innate Abilities, Weirdness & Mutations

You are under a permanent stasis effect.
You can dig through walls and to a lower floor.
Your four strong arms can wield two-handed weapons with a shield.
You have a pair of large antennae on your head (SInv).
You are clumsy. (Dex -2)
Your flesh is heat resistant.


Message History

Erica is almost dead.
Erica hits you with a scimitar of flaming!
* * * LOW HITPOINT WARNING * * *
Erica burns you.
A centaur comes into view.
Drink which item? (? for menu, Esc to quit)
You feel better.
The centaur shouts!
Erica points at you and mumbles some strange words.
You resist with some effort.
You hit Erica.
Erica is almost dead.
The centaur wields a shortbow.
The centaur shoots an arrow.
You block the arrow. You block Erica's attack.
You closely miss Erica.
Erica is almost dead.
The centaur shoots an arrow.
The arrow hits you!
* * * LOW HITPOINT WARNING * * *
Erica barely misses you.
The centaur shoots an arrow.
The arrow hits you!
You die...

...... .......
....... ##.......
#....c...
###........ ..#
###.#....... #..
##....@..# ..#
##.....@### #..
##.......# #..##
#........#
#..###.........#
#..##..........#
###.............#
###...............#
#...##.............
...####...........#


You could see Erica (invisible) and a centaur.

Vanquished Creatures
  The ghost of Avanven the Insei, an amateur HuBe of Trog (D:3)
  2 orc warriors
  A sky beast (D:6)
  2 giant frogs (D:6)
  A gnoll sergeant (D:4)
  4 killer bees
  2 hounds
  2 crimson imps (D:5)
  A giant frog zombie (D:6)
  2 orc priests
  A centaur skeleton (D:6)
  3 iguanas
  6 orc wizards
  A worker ant (D:4)
  A hound zombie (D:5)
  A hound skeleton (D:6)
  A worker ant zombie (D:6)
  9 gnolls
  12 adders
  An ooze (D:4)
  An adder skeleton (D:5)
  5 worms
  6 giant geckos
  20 orcs
  A ball python (D:5)
  5 hobgoblins
  5 jackals
  6 kobolds
  4 quokkas
  7 bats
  3 giant cockroaches
  A giant gecko skeleton (D:5)
  5 giant newts
  6 goblins
  9 rats
138 creatures vanquished.

Vanquished Creatures (others)
  A wizard (D:5)
1 creature vanquished.

Grand Total: 139 creatures vanquished

Notes
Turn   | Place    | Note
--------------------------------------------------------------
     0 | D:1      | Proton the Formicid Fighter began the quest for the Orb.
     0 | D:1      | Reached XP level 1. HP: 18/18 MP: 1/1
   394 | D:1      | Reached XP level 2. HP: 24/24 MP: 2/2
   933 | D:2      | Reached skill level 1 in Dodging
   988 | D:2      | Reached XP level 3. HP: 21/29 MP: 3/3
  1229 | D:2      | Reached skill level 4 in Shields
  1229 | D:2      | Reached XP level 4. HP: 35/35 MP: 4/4
  1831 | D:3      | Found a sparkling altar of Nemelex Xobeh.
  1831 | D:3      | Found a glowing golden altar of the Shining One.
  1833 | D:3      | Found a shimmering altar of Xom.
  1835 | D:3      | Found a basalt altar of Yredelemnul.
  1836 | D:3      | Found a glowing silver altar of Zin.
  1838 | D:3      | Noticed Avanven's ghost (amateur HuBe)
  1874 | D:4      | Reached XP level 5. HP: 7/42 MP: 5/5
  3081 | D:3      | Noticed a black bear
  3152 | D:5      | Entered Level 5 of the Dungeon
  3296 | D:5      | Found a bloodstained altar of Trog.
  3299 | D:5      | Noticed a wizard
  3304 | D:5      | Killed a wizard
  3392 | D:4      | Reached XP level 6. HP: 37/48 MP: 6/6
  4008 | D:5      | Reached XP level 7. HP: 51/55 MP: 7/7
  4229 | D:5      | Reached skill level 5 in Shields
  4858 | D:6      | Gained mutation: You are clumsy. (Dex -2) [potion of mutation]
  4858 | D:6      | Gained mutation: Your flesh is heat resistant. [potion of mutation]
  4978 | D:6      | Got a twitching graven amulet
  4981 | D:6      | Identified the amulet of Vuovvan {Spirit rElec Str+2 Dex+4} (You found it on level 6 of the Dungeon)
  5372 | D:4      | Reached skill level 5 in Fighting
  5443 | D:3      | Killed Avanven's ghost
  5443 | D:3      | Reached skill level 5 in Armour
  5443 | D:3      | Reached XP level 8. HP: 46/62 MP: 8/8
  6536 | D:6      | Reached skill level 6 in Shields
  6788 | D:6      | Reached skill level 5 in Axes
  6794 | D:7      | Noticed a two-headed ogre
  6824 | D:7      | Found a staircase to the Ecumenical Temple.
  6832 | D:7      | Reached XP level 9. HP: 69/69 MP: 9/9
  7083 | Temple   | Entered the Ecumenical Temple
  7181 | Temple   | Became a worshipper of Ru the Awakened
  7290 | D:7      | Noticed an ice statue
  7318 | D:7      | You fall through a shaft!
  7623 | D:8      | Noticed Erica
  7666 | D:8      | HP: 2/71 [Erica/scimitar of flaming (5)]
  7669 | D:8      | Shot with an arrow by a centaur

Vault maps used:
D:1:      co_arrival_random_square_maze
D:2:      first_bread
D:3:      grunt_temple_overflow_open
D:5:      trog_wizard
D:7:      lemuel_ice_statue, temple_green
D:8:      basic_altar, grunt_ogre_cave, uniq_erica
Temple:   water_room_temple_a_12

Action                   |  1- 3 |  4- 6 |  7- 9 || total
-------------------------+-------+-------+-------++-------
Melee: War axe           |    98 |   217 |   341 ||   656
 Abil: Shaft Self        |       |       |     1 ||     1
Evoke: Wand              |       |       |     1 ||     1
  Use: Scroll            |       |       |     4 ||     4
       Potion            |       |       |     3 ||     3
  Eat: Bread ration      |       |     3 |     1 ||     4
       Beef jerky        |       |       |     1 ||     1
       Meat ration       |       |       |     1 ||     1
